 Dungeon Crawl Stone Soup version 0.19.4 (webtiles) character file.

231 Minion the Slasher (level 5, -1/41 HPs)
             Began as a Demonspawn Fighter on Feb 2, 2017.
             Slain by a bullfrog (2 damage)
             ... on level 3 of the Dungeon.
             The game lasted 00:06:02 (3095 turns).

Minion the Slasher (Demonspawn Fighter)             Turns: 3095, Time: 00:06:03

Health: -1/41      AC:  7    Str: 16    XL:     5   Next: 73%
Magic:  14/14      EV: 11    Int:  9    God:
Gold:   126        SH:  0    Dex: 14    Spells: 0 memorised, 4 levels left

rFire  . . .     SeeInvis .     a - +0 long sword
rCold  . . .     Gourm    +     b - +0 scale mail
rNeg   . . .     Faith    .     (no shield)
rPois  .         Spirit   .     (no helmet)
rElec  .         Reflect  .     p - +0 cloak
rCorr  +         Harm     .     (no gloves)
MR     .....                    (no boots)
Stlth  +.........               i - amulet of the gourmand
                                m - ring of resist corrosion
                                h - ring of magical power

@: no status effects
A: talons 2, nightstalker 1
a: no special abilities


You were on level 3 of the Dungeon.
You were completely stuffed.

You visited 1 branch of the dungeon, and saw 3 of its levels.

You collected 126 gold pieces.

Inventory:

Hand Weapons
 a - a +0 long sword (weapon)
Armour
 b - a +0 scale mail (worn)
 c - a +0 shield
 p - a +0 cloak (worn)
Jewellery
 h - a ring of magical power (left hand)
 i - an amulet of the gourmand (around neck)
 m - a ring of resist corrosion (right hand)
Scrolls
 e - 2 scrolls of remove curse
 l - 2 scrolls of identify {unknown}
 o - a scroll of recharging
Potions
 d - 3 potions of might
 j - 2 potions of curing {unknown}
 n - 2 potions of invisibility {unknown}
Comestibles
 f - 3 bread rations
 g - a meat ration
 k - a royal jelly
 q - 2 chunks of flesh


   Skills:
 - Level 3.0 Fighting
 + Level 3.9 Long Blades
 - Level 2.6 Armour
 + Level 3.6 Dodging
 - Level 2.6 Shields


You had 4 spell levels left.
You didn't know any spells.

Dungeon Overview and Level Annotations

Branches:
Dungeon (3/15)

Altars:

Annotations:
D:2 1 runed door


Innate Abilities, Weirdness & Mutations

You have razor-sharp toenails.
You are slightly more attuned to the shadows.


Message History

The bullfrog hits you but does no damage.
The bullfrog hits you.
* * * LOW HITPOINT WARNING * * *
You miss the bullfrog.
The bullfrog is almost dead.
The bullfrog misses you. The bullfrog closely misses you.
You riposte.
You barely miss the bullfrog. You claw the bullfrog.
The bullfrog is almost dead.
You barely miss the bullfrog.
The bullfrog is almost dead.
The bullfrog hits you.
* * * LOW HITPOINT WARNING * * *
The bullfrog hits you.
* * * LOW HITPOINT WARNING * * *
You hit the bullfrog but do no damage.
The bullfrog is almost dead.
The bullfrog hits you.
* * * LOW HITPOINT WARNING * * *
The bullfrog hits you.
You die...

#.# ..######..## ..##
........... ..[
..........# .( #
#....(.#..####.###..
###..#.#.##.#..F).....
#..............@....#
##....<.# ##........##.
#...#..## #.....[.....
....#..#######)........
.......).....).(.....#.
....#..###...)........#
....#..................
....##..###............
###.....# ..........##.


You could see a bullfrog.

Vanquished Creatures
  10 adders
  4 gnolls (D:3)
  2 oozes (D:2)
  3 worms (D:2)
  4 dart slugs
  5 leopard geckos
  2 orcs (D:3)
  8 bats
  3 giant cockroaches
  7 goblins
  7 hobgoblins
  3 jackals (D:1)
  7 kobolds
  A quokka (D:3)
  8 frilled lizards
  5 rats
79 creatures vanquished.

Notes
Turn   | Place    | Note
-------+----------+-------------------------------------------
     0 | D:1      | Minion the Demonspawn Fighter began the quest for the Orb.
     0 | D:1      | Reached XP level 1. HP: 18/18 MP: 1/1
   209 | D:1      | Gained mutation: You are slightly more attuned to the shadows. [demonic ancestry]
   209 | D:1      | Reached XP level 2. HP: 13/24 MP: 2/2
   373 | D:1      | Reached skill level 1 in Dodging
   917 | D:1      | Gained mutation: You have sharp toenails. [demonic ancestry]
   917 | D:1      | Reached XP level 3. HP: 25/29 MP: 3/3
  1242 | D:2      | Reached XP level 4. HP: 8/35 MP: 4/4
  2036 | D:2      | Gained mutation: You have razor-sharp toenails. [demonic ancestry]
  2036 | D:2      | Reached XP level 5. HP: 38/41 MP: 5/5
  2072 | D:2      | Found a runed door.
  3094 | D:3      | HP: 1/41 [bullfrog (2)]
  3095 | D:3      | Slain by a bullfrog

Skill      XL: |  1  2  3  4 |
---------------+-------------+-----
Long Blades    | 2 3 |  3.9
Dodging        | 1 2 3 |  3.6
Fighting       | |  3.0
Armour         | |  2.6
Shields        | |  2.6

Action                   |  1- 3 |  4- 6 || total
-------------------------+-------+-------++-------
Melee: Long sword        |   109 |   157 ||   266
       Kick              |    16 |    50 ||    66
  Use: Scroll            |     2 |     1 ||     3
  Eat: Chunk             |     4 |    14 ||    18
Armor: Scale mail        |    64 |    74 ||   138
Dodge: Dodged            |    86 |   119 ||   205
       Rpst.: Long sword |    27 |    41 ||    68
